 Dungeon Crawl Stone Soup version 0.30-a0-711-gf4ac18a38d (webtiles) character file.

Game seed: 4859196306362977306

2379 Absynth the Poker (level 9, -4/94 (97) HPs)
             Began as a Demonspawn Gladiator on Jan 22, 2023.
             Was a Believer of Okawaru.
             Shot with a sling bullet by Joseph (7 damage)
             ... on level 7 of the Dungeon.
             The game lasted 00:18:27 (5908 turns).

Absynth the Poker (Demonspawn Gladiator)            Turns: 5908, Time: 00:18:28

HP:   -4/94 (97)    AC: 24    Str: 11 (13) XL:     9   Next: 22%
MP:   14/14         EV:  2    Int: 11 (14) God:    Okawaru [**....]
Gold: 322           SH:  0    Dex: 18      Spells: 13/15 levels left

rFire   . . .      SeeInvis .    a - +0 trident
rCold   . . .      Faith    .    (no shield)
rNeg    . . .      Spirit   .    (body armour currently unavailable)
rPois   +          Reflect  .    (helmet currently unavailable)
rElec   .          Harm     .    (cloak currently unavailable)
rCorr   .          Rampage  .    (gloves currently unavailable)
Will    .....      NoTele   +    (boots currently unavailable)
Stlth   ++                       (no amulet)
HPRegen 0.35/turn                (no ring)
MPRegen 0.14/turn                (no ring)

@: tree-form, hasted, studying Evocations, lightly drained, very quick
A: stationary, stasis, torment immunity, boosted hp, (claws 2), (spiny 2),
demonic magic 2, agile 1, (teleportitis 1), MP-powered wands
a: Renounce Religion, Heroism


You were on level 7 of the Dungeon.
You worshipped Okawaru.
Okawaru was pleased with you.
You were a tree.
You visited 2 branches of the dungeon, and saw 8 of its levels.
You also visited: Sewer.

You collected 322 gold pieces.

Inventory:

Hand Weapons
 a - a +0 trident (weapon)
 b - a +0 sling
Missiles
 e - 2 javelins (quivered)
 g - 7 boomerangs
 t - 6 atropa-tipped darts
Armour
 c - a +0 helmet (melded)
 i - a +0 leather armour
 s - a +1 robe of resistance (melded)
 D - a +0 pair of boots (melded)
 G - a +2 cloak (melded)
Scrolls
 f - a scroll of poison
 h - 3 scrolls of magic mapping {unknown}
 j - a scroll of fog {unknown}
 k - 3 scrolls of identify {unknown}
 l - 2 scrolls of teleportation {unknown}
 m - 4 scrolls of blinking {unknown}
 n - 2 scrolls of immolation {unknown}
 u - 2 scrolls of enchant weapon {unknown}
 v - 3 scrolls of torment {unknown}
 x - 5 scrolls of enchant armour {unknown}
 y - a scroll of noise {unknown}
 C - a scroll of fear {unknown}
 F - a scroll of vulnerability {unknown}
Potions
 o - a potion of might
 p - a potion of resistance {unknown}
 q - a potion of berserk rage {unknown}
 r - a potion of heal wounds {unknown}
 w - a potion of ambrosia
 A - a potion of cancellation {unknown}
 B - a potion of mutation
 E - a potion of invisibility {unknown}
 H - 2 potions of lignification
 I - 3 potions of haste


   Skills:
 - Level 4.0 Fighting
 * Level 7.0 Polearms
 - Level 1.7 Throwing
 * Level 7.0 Dodging
 + Level 3.5 Spellcasting
 + Level 3.5 Transmutations
 + Level 3.6 Evocations


You had 13 spell levels left.
You knew the following spells:

 Your Spells              Type           Power      Damage    Failure   Level
w - Wereblood             Tmut           9%         N/A       9%          2

Your spell library contained the following spells:

 Spells                   Type           Power      Damage    Failure   Level
 Beastly Appendage        Tmut           18%        N/A       6%          1
 Sting                    Tmut/Pois      20%        1d4       12%         1
 Cigotuvi's Dreadful Rot  Necr/Pois/Air  2%         N/A       36%         2
 Lesser Beckoning         Tloc           2%         N/A       36%         2
 Poisonous Vapours        Pois/Air       2%         N/A       36%         2
 Spider Form              Tmut/Pois      5%         N/A       36%         3
 Ignite Poison            Fire/Tmut/Pois 4%         N/A       43%         3
 Gell's Gravitas          Tloc           1%         N/A       58%         3
 Inner Flame              Hex/Fire       1%         N/A       58%         3
 Teleport Other           Tloc           1%         N/A       58%         3
 Dispel Undead            Necr           1%         3d6       94%         4
 Flame Wave               Conj/Fire      1%         2d4       94%         4
 Olgreb's Toxic Radiance  Pois           1%         N/A       94%         4
 Sticky Flame             Conj/Fire      1%         2d3       94%         4
 Ignition                 Fire           0%         3d3       100%        8
 Death Channel            Necr           Unusable   N/A       N/A         6

Dungeon Overview and Level Annotations

Branches:
Dungeon (7/15)             Temple (1/1) D:4           Sewer (visited)

Altars:
Ashenzari
Cheibriados
Gozag
Kikubaaqudgha
Makhleb
Nemelex Xobeh
Okawaru
Qazlal
Trog
Vehumet
Wu Jian
Xom
Yredelemnul

Shops:
D:1 (   D:3 :

Annotations:
D:7 Joseph


Innate Abilities, Weirdness & Mutations

You are a tree.
Your roots penetrate the ground, keeping you stationary.
You cannot be teleported.
You are immune to unholy pain and torment.
Your maximum health is greatly increased.
Your equipment is partially melded.
((You have very sharp fingernails.))
((You are mostly covered in sharp spines.))
Spells you cast may paralyse nearby enemies.
You are agile. (Dex +4, Str/Int -1)
((You are occasionally teleported next to monsters.))
You expend magic power (3 MP) to strengthen your wands.


Message History

Joseph shouts!
Joseph unwields a +0 quarterstaff.
Joseph wields a +0 sling.
Joseph shoots a sling bullet.
The sling bullet barely misses you.
Found 15 gold pieces.
Joseph shoots a sling bullet.
The sling bullet hits you!
* * * LOW HITPOINT WARNING * * *
Found 9 gold pieces.
There is a stone staircase leading down here.
Found 14 gold pieces.
A kobold comes into view. It is wielding a +0 whip.
The kobold shouts!
You hear a shout!
You hear an angry buzzing noise.
A killer bee comes into view.
A kobold comes into view. It is wielding a +0 dagger.
The air fills with toxic fumes!
As you read the scroll labelled KIYJIM UDOA, it crumbles to dust.
It was a scroll of poison.
The kobold shouts!
You hear a shout!
A kobold comes into view. It is wielding a +0 short sword.
The kobold throws a stone.
The stone hits you but does no damage.
A killer bee comes into view.
A kobold brigand comes into view.
It is wielding a +0 short sword and quivering poisoned darts.
Joseph is engulfed in poison gas.
Joseph is poisoned.
Joseph shoots a sling bullet.
The sling bullet hits you!
* * * LOW HITPOINT WARNING * * *
It was a potion of haste.
You feel yourself speed up.
You hear the brisk hiss of an avalanche of sand nearby.
Joseph is engulfed in poison gas.
Joseph looks even sicker.
Joseph shoots a sling bullet.
The sling bullet hits you!
* * * LOW HITPOINT WARNING * * *
It was a potion of lignification.
You turn into a tree.
Your +2 cloak melds into your body.
Your +0 helmet melds into your body.
Your +0 pair of boots melds into your body.
Your +1 robe of resistance melds into your body.
You feel hot and cold all over.
Your roots penetrate the ground.
It was a potion of mutation.
You feel extremely strange.
You feel your magical essence link to the dungeon's wands.
You feel weirdly uncertain.
You feel agile.
A kobold comes into view. It is wielding a +0 club.
Joseph is engulfed in poison gas.
Joseph looks even sicker.
Joseph shoots a sling bullet.
The sling bullet hits you!
You die...

#... §#§§§.§K
#.. §☼§§§y§ #
☼§§§§☼ #§§§§
##§§§ #§☼§
#☼§# ##§♣#
... #§§##
#..# ..# #§§#
#... #..
##§§# #....
#.. #§§##
.....
#.####§§#
.....
#....☼§§##
.....
#...§@§§.#
.....
###..@###$..#
.....


You could see Joseph (very poisoned), a killer bee and a kobold.

Vanquished Creatures
  Grinder (D:6)
  Sigmund (D:2)
  A water moccasin (D:7)
  An orc warrior (D:7)
  An ice beast (D:4)
  4 ogres
  A phantom (D:7)
  A kobold brigand (Sewer)
  A bullfrog (D:5)
  5 scorpions
  2 necrophages (D:6)
  5 wights (D:6)
  2 howler monkeys (D:5)
  A gnoll bouda (D:4)
  3 orc wizards
  4 iguanas
  9 adders
  2 shadow imps (D:5)
  2 white imps
  A worm (Sewer)
  3 dart slugs
  19 orcs
  13 ball pythons
  6 bats
  7 endoplasms
  6 giant cockroaches
  8 goblins
  7 hobgoblins
  8 jackals
  8 quokkas
  4 frilled lizards
  5 kobolds (Sewer)
  9 rats
151 creatures vanquished.

Notes
Turn   | Place    | Note
-------+----------+-------------------------------------------
     0 | D:1      | Absynth the Demonspawn Gladiator began the quest for the
                  | Orb.
     0 | D:1      | Reached XP level 1. HP: 16/16 MP: 1/1
    61 | D:1      | Gained mutation: You have sharp fingernails. [demonic
                  | ancestry]
    61 | D:1      | Reached XP level 2. HP: 22/22 MP: 2/2
   167 | D:1      | Found Yggepif's Antique Weapon Shoppe.
   679 | D:2      | Gained mutation: You are partially covered in sharp spines.
                  | [demonic ancestry]
   679 | D:2      | Reached XP level 3. HP: 26/28 MP: 3/3
   851 | D:2      | Noticed Sigmund
   899 | D:2      | Killed Sigmund
   900 | D:2      | Gained mutation: You have very sharp fingernails. [demonic
                  | ancestry]
   900 | D:2      | Reached XP level 4. HP: 14/35 MP: 4/4
   900 | D:2      | Reached XP level 5. HP: 17/41 MP: 5/5
  1561 | D:3      | Found a basalt altar of Yredelemnul.
  1582 | D:3      | Found Xeczune's Book Boutique.
  1611 | D:3      | Gained mutation: You are mostly covered in sharp spines.
                  | [demonic ancestry]
  1611 | D:3      | Reached XP level 6. HP: 44/47 MP: 6/6
  1723 | D:3      | Learned a level 2 spell: Wereblood
  2041 | D:4      | Reached skill level 1 in Transmutations
  2159 | D:4      | Found an opulent altar of Gozag.
  2254 | D:4      | Reached skill level 1 in Spellcasting
  2254 | D:4      | Gained mutation: Spells you cast may paralyse adjacent
                  | enemies. [demonic ancestry]
  2254 | D:4      | Reached XP level 7. HP: 31/53 MP: 8/8
  2364 | D:4      | Found a staircase to the Ecumenical Temple.
  2370 | Temple   | Entered the Ecumenical Temple
  2548 | Temple   | Became a worshipper of Warmaster Okawaru
  2703 | D:4      | Reached skill level 5 in Polearms
  2703 | D:4      | Reached skill level 5 in Dodging
  2991 | D:5      | Entered Level 5 of the Dungeon
  3360 | D:5      | Found an ornate altar of the Wu Jian Council.
  3393 | D:5      | Reached * piety under Okawaru
  3399 | D:5      | Gained mutation: Spells you cast may paralyse nearby
                  | enemies. [demonic ancestry]
  3399 | D:5      | Reached XP level 8. HP: 47/60 MP: 9/11
  3848 | D:6      | Found a glowing drain.
  3864 | Sewer    | Entered a sewer
  4307 | D:6      | Reached skill level 1 in Evocations
  4586 | D:6      | Noticed Grinder
  4615 | D:6      | Paralysed by Grinder for 4 turns
  4620 | D:6      | Killed Grinder
  4620 | D:6      | Reached ** piety under Okawaru
  5080 | D:6      | Reached XP level 9. HP: 22/56 MP: 13/13
  5877 | D:7      | Found a burning altar of Makhleb.
  5879 | D:7      | Noticed a cacodemon
  5885 | D:7      | Noticed Joseph
  5906 | D:7      | HP: 2/63 [Joseph/sling bullet (13)]
  5908 | D:7      | Gained mutation: You expend magic power (3 MP) to
                  | strengthen your wands. [potion of mutation]
  5908 | D:7      | Gained mutation: You are occasionally teleported next to
                  | monsters. [potion of mutation]
  5908 | D:7      | Gained mutation: You are agile. (Dex +4, Str/Int -1)
                  | [potion of mutation]
  5908 | D:7      | Shot with a sling bullet by Joseph

Illustrated notes

Levels and vault maps discovered:
D:1:      mrwooster_arrival_statue, layout_basic, serial_shops, shop,
          minmay_misc_feat_chi
D:2:      layout_rooms, uniq_sigmund
D:3:      layout_rooms, mainiacjoe_overflow_brackets, serial_shops, shop,
          hex_intersection
D:4:      minmay_diamond_boxcup, layout_loops_ring, kennysheep_mini_moat,
          minmay_temple_entry_enclosed_plants, grunt_ministairs_9
D:5:      layout_loops_ring, kennysheep_little_box, st_stairs_11
D:6:      layout_cave_pods, portal_sewer_entry_f, nrook_campfire, uniq_grinder
D:7:      black_bear_nest_1, layout_layer_cave, makhleb_altar_promises_db,
          mainiacjoe_overflow_swirl, mainiacjoe_overflow_catwalk_spiral,
          enter_ossuary_2, ebering_ghost_xom, uniq_joseph
Temple:   nicolae_temple_bog_church

Skill      XL: |  1  2  3  4  5  6  7  8  9 |
---------------+----------------------------+-----
Polearms       | 3 4 5 6 7 |  7.0
Dodging        | 3 4 5 6 7 |  7.0
Fighting       | 3 4 |  4.0
Transmutations | 1 2 3 |  3.5
Spellcasting   | 1 2 3 |  3.5
Evocations     | 3 |  3.6
Throwing       | |  1.7

Action                     |  1- 3 |  4- 6 |  7- 9 || total
---------------------------+-------+-------+-------++-------
  Melee: Trident           |   102 |    82 |   278 ||   462
         Punch             |       |       |     2 ||     2
  Throw: Throwing net      |     3 |     5 |       ||     8
         Boomerang         |       |     3 |       ||     3
         Javelin           |       |       |     3 ||     3
    Use: Potion            |       |       |     7 ||     7
         Scroll            |       |       |     1 ||     1
   Stab: Sleeping          |     1 |     3 |     7 ||    11
 Armour: Leather armour    |    26 |       |       ||    26
         Robe              |       |     7 |    36 ||    43
  Dodge: Dodged            |    55 |    21 |   120 ||   196

Table legend: (Time is in decaauts)
 A = Elapsed time spent in this place.
 B = Non-inter-level travel time spent in this place.
 C = Inter-level travel time spent in this place.
 D = Time resting spent in this place.
 E = Time spent auto-exploring this place.
 F = Levels seen in this place.
 G = Mean time per level.
                   A        B        C        D        E       F      G
               +--------+--------+--------+--------+--------+-----+--------+
         Total |   6030 |   5804 |    226 |    835 |   3597 |   9 |  670.0 |
       Dungeon |   5375 |   5168 |    207 |    835 |   3210 |   7 |  767.9 |
        Temple |    204 |    185 |     19 |      0 |    146 |   1 |  204.0 |
         Sewer |    450 |    450 |      0 |      0 |    240 |   1 |  450.0 |
               +--------+--------+--------+--------+--------+-----+--------+

Top non-repeatable levels by time:
     D:6: 1304 daAuts
     D:4: 1209 daAuts
     D:5: 712 daAuts
     D:1: 673 daAuts
     D:2: 570 daAuts
     D:3: 498 daAuts
   Sewer: 450 daAuts
     D:7: 406 daAuts
  Temple: 204 daAuts
